 Dungeon Crawl Stone Soup version 0.20-b1 (webtiles) character file.

2 Goblin1989 the Sneak (level 1, -6/10 HPs)
             Began as a Spriggan Assassin on May 17, 2017.
             Mangled by a bullfrog zombie (7 damage)
             ... on level 3 of the Dungeon on May 19, 2017.
             The game lasted 00:04:00 (586 turns).

Goblin1989 the Sneak (Spriggan Assassin)             Turns: 586, Time: 00:04:01

Health: -6/10      AC:  3    Str:  7    XL:     1   Next: 25%
Magic:  2/2        EV: 17    Int: 12    God:
Gold:   41         SH:  0    Dex: 17    Spells: 0/0 levels left

rFire    . . .     SeeInvis +   a - +2 dagger
rCold    . . .     Gourm    .   (shield restricted)
rNeg     . . .     Faith    .   c - +0 robe
rPois    .         Spirit   .   (helmet restricted)
rElec    .         Reflect  .   d - +0 cloak
rCorr    .         Harm     .   (gloves unavailable)
MR       .....                  (boots unavailable)
Stlth    +++.......             (no amulet)
Regen    0.1/turn               (no ring)
MPRegen  0.1/turn               (no ring)

@: very quick
A: unfitting armour, see invisible, herbivore 3, speed 3, slow metabolism 2
a: no special abilities


You were on level 3 of the Dungeon.
You were not hungry.

You visited 1 branch of the dungeon, and saw 3 of its levels.

You collected 41 gold pieces.

Inventory:

Hand Weapons
 a - a +2 dagger (weapon)
 p - a +0 dagger
 q - a +0 spear
 w - a +0 blowgun {@w1}
Missiles
 f - 2 curare-tipped needles
 g - 19 poisoned needles
 i - 11 stones (quivered)
Armour
 c - a +0 robe (worn)
 d - a +0 cloak (worn)
 j - a +0 ring mail
 k - a +0 ring mail
 n - a +0 scale mail
Jewellery
 h - an uncursed amulet of harm {unknown}
 r - a +2 ring of evasion {unknown}
Wands
 P - a wand of paralysis (17/24)
Scrolls
 l - a scroll of fear {unknown}
Potions
 m - a potion of might {unknown}
 o - a potion of agility {unknown}
Comestibles
 b - 2 fruits
 e - 3 bread rations {@e1}


   Skills:
 - Level 1.5 Fighting
 - Level 2.1 Short Blades
 - Level 2.0 Throwing
 - Level 1.5 Dodging
 + Level 6.0 Stealth


You couldn't memorise any spells.
You didn't know any spells.

Dungeon Overview and Level Annotations

Branches:
Dungeon (3/15)

Altars:
Vehumet

Annotations:
D:3 Natasha


Innate Abilities, Weirdness & Mutations

You are very small and have problems with some larger weapons.
You are too small for most types of armour.
You have supernaturally acute eyesight. (SInv)
You are a herbivore.
You cover ground extremely quickly.
You need consume almost no food.


Message History

The hobgoblin shouts!
You see here a wand of paralysis (?/24).
P - a wand of paralysis (?/24)
You open the door.
There is an open door here.
You now have 15 gold pieces (gained 7).
You see here a dagger.
p - a dagger You open the door.
A giant cockroach comes into view.
There is an open door here.
The helpless giant cockroach fails to defend itself.
You impale the giant cockroach!!
You kill the giant cockroach!
Your Stealth skill increases to level 6!
You see here a giant cockroach corpse.
A bat comes into view.
You found a teleport trap!
Really walk into that teleport trap?
You enter a teleport trap!
The teleport trap disappears.
Your surroundings suddenly seem different.
A kobold comes into view. It is wielding a club.
Unknown command.
Unknown command.
A kobold comes into view. It is wielding a whip.
The kobold shouts!
The kobold throws a stone.
The stone hits you.
You see here a stone.
You take 1 damage, and have 9/10 hp.
Health restored: 10 You open the door.
An adder comes into view.
You close the door.
You see here a spear.
q - a spear You now have 30 gold pieces (gained 15).
A howler monkey comes into view.
You see here a runed granite ring.
r - a runed granite ring You open the door.
There is an open door here.
An adder comes into view.
An orc comes into view. It is wielding a club.
An orc comes into view.
An orc comes into view. It is wielding a trident.
The orc shouts!
An orc wizard comes into view. It is wielding a dagger.
A frilled lizard comes into view.
Natasha, Servant of Life and Death comes into view.
Unknown command.
The howler monkey howls!
The bat barely misses you. The bat hits you but does no damage.
The bat hits you.
The howler monkey hoots and howls with incredible vigour!
You see here 11 gold pieces.
You take 1 damage, and have 9/10 hp.
You now have 41 gold pieces (gained 11).
The bat completely misses you.
The howler monkey hoots and howls with incredible vigour!
The bat misses you. The bat completely misses you. The bat closely misses you.
The bat misses you. The bat hits you but does no damage.
The bat completely misses you. The bat hits you but does no damage.
The bat closely misses you.
The howler monkey hoots and howls with incredible vigour!
The bat misses you. The bat completely misses you. The bat misses you.
The bat closely misses you. The bat hits you but does no damage.
The bat hits you.
You take 1 damage, and have 8/10 hp.
The bat hits you.
You take 1 damage, and have 7/10 hp.
The bat misses you. The bat closely misses you. The bat misses you.
A bullfrog zombie comes into view.
You closely miss the bullfrog zombie. The bat hits you but does no damage.
The bullfrog zombie misses you.
You barely miss the bullfrog zombie. The bat hits you.
The bat closely misses you. The bullfrog zombie hits you.
* * * LOW HITPOINT WARNING * * *
The bullfrog zombie hits you.
* * * LOW HITPOINT WARNING * * *
You take 5 damage, and have 2/10 hp.
MASSIVE DAMAGE!!
You hit the bullfrog zombie but do no damage.
The bat hits you.
* * * LOW HITPOINT WARNING * * *
The bullfrog zombie hits you.
* * * LOW HITPOINT WARNING * * *
You take 1 damage, and have 1/10 hp.
You hit the bullfrog zombie.
The bullfrog zombie is lightly damaged.
The bat hits you but does no damage. The bullfrog zombie hits you!
Ouch! That really hurt!
You die...

.█.h.█.█
..███..███████████
..█ █.h........h.█
..███..█..██████.█
.....█.█..█ █.█
.█████.█.... █.█
.......██.███ █.█
†████████.█


█b█ ∆██ █.█ █@█ ..██ █......Z.█ ...██ ████.████ ....██ █ .....█ .....▲ .....█
....██ ...██ You could see a howler monkey, a bullfrog zombie and a bat.

Vanquished Creatures
  A giant cockroach (D:3)
  A frilled lizard (D:1)
2 creatures vanquished.

Notes
Turn   | Place    | Note
-------+----------+-------------------------------------------
     0 | D:1      | Goblin1989 the Spriggan Assassin began the quest for the Orb.
     0 | D:1      | Reached XP level 1. HP: 10/10 MP: 2/2
     0 | D:1      | Upgraded the game from 0.20-a0-1124-g2e29d97 to 0.20-b1
   152 | D:2      | Found a radiant altar of Vehumet.
   449 | D:3      | Reached skill level 6 in Stealth
   508 | D:3      | Noticed a howler monkey
   526 | D:3      | Noticed an orc wizard
   529 | D:3      | Noticed Natasha
   586 | D:3      | Mangled by a bullfrog zombie

Skill      XL: |  1 |
---------------+----+-----
Stealth        | 6 |  6.0
Fighting       | |  1.5
Short Blades   | |  2.1
Throwing       | |  2.0
Dodging        | |  1.5

Action                   || total
-------------------------++-------
Melee: Dagger            ||     6
 Stab: Sleeping          ||     1
Armor: Robe              ||    13
Dodge: Dodged            ||    62

Vault maps used:
D:1:      co_arrival_square_in_a_square_in_a_square
D:2:      lemuel_round_altar, vehumet_crystals
D:3:      gammafunk_temple_overflow_arena, uniq_natasha
